 Dungeon Crawl Stone Soup version 0.31.0-12-g77e489cdc1 (webtiles) character file.

Game seed: 3007232936148119690

133 chippings the Trooper (level 4, 0/40 HPs)
             Began as a Draconian Wanderer on Mar 7, 2024.
             Slain by a jelly (3 damage)
             ... on level 4 of the Dungeon.
             The game lasted 00:06:15 (3372 turns).

chippings the Trooper (Draconian Wanderer)          Turns: 3372, Time: 00:06:16

Health: 0/40       AC: -2    Str: 10    XL:     4   Next: 93%
Magic:  4/4        EV: 13    Int: 10    God:
Gold:   123        SH:  0    Dex: 19    Spells: 3/3 levels left

rFire   . . .        g - +0 dagger (venom)
rCold   . . .        (no shield)
rNeg    . . .        (body armour unavailable)
rPois   .            (helmet restricted)
rElec   .            c - +0 cloak
rCorr   .            (no gloves)
SInv    .            (no boots)
Will    .....        (no amulet)
Stlth   ++           (no ring)
HPRegen 0.26/turn    (no ring)
MPRegen 0.09/turn

%: no passive effects
@: brilliant, corroded, attractive
A: AC +5, unfitting armour, cold-blooded
a: no special abilities


You were on level 4 of the Dungeon.
You visited 1 branch of the dungeon, and saw 4 of its levels.

You collected 123 gold pieces.

Inventory:

Hand Weapons
 a - a +0 sling
 g - a +0 dagger of venom (weapon)
Missiles
 b - 5 throwing nets (quivered)
Armour
 c - a +0 cloak (worn)
Scrolls
 d - 2 scrolls of fog
 e - a scroll of revelation {unknown}
 f - 6 scrolls of identify {unknown}
 k - a scroll of noise {unknown}
 m - a scroll of teleportation {unknown}
 n - a scroll of immolation {unknown}
Potions
 h - 2 potions of attraction
 i - a potion of enlightenment {unknown}
 j - 2 potions of brilliance
 l - 3 potions of lignification {unknown}
 o - 2 potions of curing {unknown}
 p - a potion of mutation {unknown}


   Skills:
 - Level 4.0 Fighting
 + Level 3.1 Short Blades
 - Level 1.8 Ranged Weapons
 + Level 2.9 Dodging
 - Level 1.0 Stealth
 - Level 2.0 Evocations


You had 3 spell levels left.
You didn't know any spells.
Your spell library contained the following spells:

 Spells                   Type           Power      Damage    Failure   Level
 Sandblast                Erth           0%         2d4       36%         1
 Passwall                 Erth           0%         N/A       75%         3
 Stone Arrow              Conj/Erth      0%         3d7       75%         3
 Brom's Barrelling Bould  Conj/Erth      0%         2d3       98%         4
 Summon Forest            Summ/Tloc      0%         N/A       100%        5
 Summon Mana Viper        Hex/Summ       0%         N/A       100%        5
 Summon Cactus Giant      Summ           0%         N/A       100%        6


Dungeon Overview and Level Annotations

Branches:
Dungeon (4/15)
 Temple: D:4-7

Altars:
Makhleb
Wu Jian


Innate Abilities, Weirdness & Mutations

Your plain brown scales are hard. (AC +5)
You cannot fit into any form of body armour.
You are cold-blooded and may be slowed by cold attacks.


Message History

You closely miss the hobgoblin. You hit the hobgoblin.
The hobgoblin looks as sick as possible!
The hobgoblin is heavily wounded.
The hobgoblin barely misses you.
You barely miss the hobgoblin.
The hobgoblin is almost dead.
You kill the hobgoblin!
You see here a hobgoblin corpse.
A jelly comes into view.
The jelly quivers.
A bombardier beetle comes into view.
The jelly hits you but does no damage.
You hit the jelly. The acid corrodes you!
Your hands burn!
The jelly is moderately wounded.
The jelly closely misses you.
You hit the jelly but do no damage.
Your hands burn!
You tail-slap the jelly.
The jelly is moderately wounded.
The jelly hits you. The acid corrodes you!
You are splashed with acid!
You hit the jelly but do no damage.
Your hands burn!
The jelly is moderately wounded.
The jelly hits you.
You are splashed with acid.
* * * LOW HITPOINT WARNING * * *
You hit the jelly but do no damage.
Your hands burn!
* * * LOW HITPOINT WARNING * * *
The jelly is moderately wounded.
Okay, then.
You aren't carrying any items that you can evoke.
Okay, then.
Okay, then.
It was a potion of attraction.
You feel attractive to monsters. The jelly hits you.
* * * LOW HITPOINT WARNING * * *
You are splashed with acid!
* * * LOW HITPOINT WARNING * * *
It was a potion of brilliance.
You feel clever all of a sudden. The jelly hits you.
You die...

.........###
..B........
..........#
..........#
..........#
#.#.#####
#........
#J#.#####
#@#... #.# ###
#.# #.#
########.#####
#............#
#.######.###.#
#.######.#.#.#
#.#........#.#


You could see a jelly.

Vanquished Creatures
  A hound (D:3)
  A gnoll (D:4)
  3 dart slugs
  A ribbon worm (D:2)
  6 orcs
  6 endoplasms
  4 giant cockroaches
  8 goblins
  10 hobgoblins
  3 quokkas
  5 ball pythons
  3 bats (D:2)
  6 frilled lizards
  14 kobolds
  4 rats
75 creatures vanquished.

Notes
Turn   | Place    | Note
-------+----------+-------------------------------------------
     0 | D:1      | chippings the Draconian Wanderer began the quest for the
                  | Orb.
     0 | D:1      | chippings set off with the following items: a +0 sling, 4
                  | throwing nets, a +0 cloak, 2 scrolls of fog.
     0 | D:1      | Reached XP level 1. HP: 19/19 MP: 1/1
   216 | D:1      | Reached skill level 1 in Short Blades
   216 | D:1      | Reached XP level 2. HP: 14/26 MP: 2/2
   663 | D:1      | Reached skill level 4 in Fighting
   800 | D:2      | Reached XP level 3. HP: 24/33 MP: 3/3
  2067 | D:3      | Found an ornate altar of the Wu Jian Council.
  2226 | D:3      | Reached XP level 4. HP: 34/40 MP: 4/4
  2333 | D:3      | Found a burning altar of Makhleb.
  3372 | D:4      | Slain by a jelly

Illustrated notes

Levels and vault maps discovered:
D:1:      nzn_arrival_crosshair, layout_loops_ring
D:2:      layout_basic, serial_rivers, chequers_serial_rivers_small_b,
          chequers_serial_rivers_large_b, chequers_serial_rivers_micro_d,
          chequers_serial_rivers_room_b, chequers_serial_rivers_room_b,
          chequers_serial_rivers_micro_e, kennysheep_generic_room_6
D:3:      layout_basic, lightli_temple_of_fire, nicolae_wu_jian_wuxing_cycle,
          lexackson_kobold_supper
D:4:      layout_basic

Skill      XL: |  1  2  3  4 |
---------------+-------------+-----
Short Blades   | 1 2 3 |  3.1
Fighting       | 4 |  4.0
Dodging        | 2 |  2.9
Ranged Weapons | |  1.8
Stealth        | |  1.0
Evocations     | |  2.0

Action                     |  1- 3 |  4- 6 || total
---------------------------+-------+-------++-------
  Melee: Dagger            |   130 |    61 ||   191
         Tailslap          |    22 |     6 ||    28
         Punch             |     1 |       ||     1
   Fire: Sling             |     4 |       ||     4
    Use: Potion            |       |     2 ||     2
   Stab: Sleeping          |     8 |     5 ||    13
 Armour: Skin              |    53 |    31 ||    84
  Dodge: Dodged            |    65 |    32 ||    97
